 Dungeon Crawl Stone Soup version 0.28-b1-1-g3c77fb2ed1 (webtiles) character file.

Game seed: 17581095479648938857

17854 chmiii the Basher (level 12, -13/113 HPs)
             Began as a Hill Orc Fighter on Jan 30, 2022.
             Was an Elder of Beogh.
             Mangled by a cyan ugly thing (17 damage)
             ... on level 14 of the Dungeon.
             The game lasted 01:15:28 (17476 turns).

chmiii the Basher (Hill Orc Fighter)               Turns: 17476, Time: 01:15:31

Health: -13/113    AC: 24    Str: 20    XL:     12   Next: 52%
Magic:  17/17      EV:  1    Int:  8    God:    Beogh [****..]
Gold:   667        SH: 21    Dex: 14    Spells: 11/11 levels left

rFire   . . .      SeeInvis .   a - +5 mace
rCold   . . .      Faith    .   C - +0 tower shield
rNeg    . . .      Spirit   .   z - +0 crystal plate armour
rPois   .          Reflect  +   j - +0 helmet
rElec   .          Harm     .   V - +0 cloak
rCorr   +          Rampage  .   (no gloves)
Will    +....                   q - +0 pair of boots
Stlth   ..........              G - amulet of reflection
HPRegen 0.28/turn               f - ring of willpower
MPRegen 0.15/turn               g - ring of resist corrosion

@: no status effects
A: no striking features
a: Renounce Religion, Smiting, Recall Orcish Followers


You were on level 14 of the Dungeon.
You worshipped Beogh.
Beogh was greatly pleased with you.
You visited 2 branches of the dungeon, and saw 16 of its levels.
You also visited: Sewer and Ossuary.

You collected 1027 gold pieces.
You spent 360 gold pieces at shops.

Inventory:

Hand Weapons
 a - a +5 mace (weapon)
 b - the +5 hunting sling "Oxiyph" {freeze, rC++}
   (You found it on level 5 of the Dungeon)

   Any ammunition fired from it freezes those it strikes, dealing additional
   cold damage.
   It can also slow down cold-blooded creatures.
   rC:        It greatly protects you from cold.
Missiles
 c - 22 poisoned darts (quivered)
 o - 60 sling bullets
 y - 2 throwing nets
 M - 4 boomerangs
 W - 6 silver javelins
Armour
 j - a +0 helmet (worn)
 q - a +0 pair of boots (worn)
 z - a +0 crystal plate armour (worn)
 C - a +0 tower shield (worn)
 K - a +2 hat
 V - a +0 cloak (worn)
Jewellery
 f - a ring of willpower (left hand)
 g - a ring of resist corrosion (right hand)
 G - an amulet of reflection (around neck)
 H - an amulet of guardian spirit
 N - a ring of protection from fire
 R - an amulet of faith
Wands
 r - a wand of charming (14)
 O - a wand of acid (9)
 S - a wand of flame (14)
Scrolls
 e - 4 scrolls of fear
 i - 3 scrolls of enchant weapon
 k - a scroll of enchant armour {unknown}
 l - 4 scrolls of vulnerability
 n - 7 scrolls of teleportation
 v - a scroll of blinking {unknown}
 x - a scroll of magic mapping
 A - a scroll of brand weapon {unknown}
 D - 3 scrolls of immolation
 E - a scroll of amnesia {unknown}
 T - a scroll of silence {unknown}
Potions
 d - 2 potions of flight {unknown}
 h - 3 potions of curing
 p - 2 potions of attraction {unknown}
 s - 5 potions of might
 t - 3 potions of haste {unknown}
 u - a potion of cancellation {unknown}
 w - 4 potions of heal wounds {unknown}
 B - 3 potions of mutation {unknown}
 F - 6 potions of brilliance
 I - 2 potions of resistance
 L - 3 potions of lignification
 U - a potion of degeneration {unknown}
Miscellaneous
 P - a lightning rod (4/4)


   Skills:
 + Level 12.4 Fighting
 + Level 12.4 Maces & Flails
 + Level 10.2 Armour
 + Level 10.2 Shields
 + Level 7.9 Invocations


You had 11 spell levels left.
You didn't know any spells.
Your spell library contained the following spells:

 Spells                   Type           Power      Damage    Failure   Level
 Animate Skeleton         Necr           0%         N/A       100%        1
 Apportation              Tloc           0%         N/A       100%        1
 Magic Dart               Conj           0%         1d3       100%        1
 Summon Small Mammal      Summ           0%         N/A       100%        1
 Call Imp                 Summ           0%         N/A       100%        2
 Corpse Rot               Necr/Air       0%         N/A       100%        2
 Poisonous Vapours        Pois/Air       0%         N/A       100%        2
 Mephitic Cloud           Conj/Pois/Air  0%         N/A       100%        3
 Portal Projectile        Hex/Tloc       0%         N/A       100%        3
 Blade Hands              Tmut           0%         N/A       100%        5
 Excruciating Wounds      Necr           0%         N/A       100%        5


Dungeon Overview and Level Annotations

Branches:
Dungeon (15/15)            Temple (0/1) D:5            Lair (1/6) D:10
    Orc (0/2) D:11          Sewer (visited)         Ossuary (visited)
 Vaults: D:13-14     Depths: D:15

Altars:
Cheibriados
Elyvilon
Makhleb
Nemelex Xobeh
Okawaru
Ru
Uskayaw
Xom
The Shining One

Shops:
D:2 ?   D:10 =

Portals:
Gauntlet: D:12

Annotations:
D:3 exclusion: downstairs
D:4 Blork the orc
D:8 exclusion: downstairs
D:10 exclusion: obsidian statue
Lair:1 3 runed translucent doors, AlmostDecent's ghost, journeyman GnAE; Mahakala's ghost, novice DrIE; pkoi's ghost, journeyman MiMo


Message History

You block the cyan ugly thing's attack.
The vampire mosquito bites you but does no damage.
You climb downwards.
There is a stone staircase leading up here.
You hit the cyan ugly thing but do no damage.
The vampire mosquito bites you but does no damage.
The cyan ugly thing tail-slaps you but does no damage.
The vampire mosquito bites you but does no damage.
You hit the cyan ugly thing but do no damage.
You block the vampire mosquito's attack.
The cyan ugly thing tail-slaps you but does no damage.
The vampire mosquito bites you but does no damage.
You hit the cyan ugly thing.
The cyan ugly thing is lightly wounded.
You block the vampire mosquito's attack.
The cyan ugly thing tail-slaps you but does no damage.
The vampire mosquito bites you.
The vampire mosquito draws strength from your injuries!
You hit the cyan ugly thing.
The cyan ugly thing is lightly wounded.
You block the vampire mosquito's attack.
The cyan ugly thing tail-slaps you! The cyan ugly thing shocks you!
* * * LOW HITPOINT WARNING * * *
You block the vampire mosquito's attack.
You hit the cyan ugly thing.
The cyan ugly thing is lightly wounded.
You block the vampire mosquito's attack.
The cyan ugly thing tail-slaps you!
* * * LOW HITPOINT WARNING * * *
The cyan ugly thing shocks you!
* * * LOW HITPOINT WARNING * * *
You block the vampire mosquito's attack.
As you read the scroll of summoning, it crumbles to dust.
Wisps of shadow whirl around you...
You are no longer corroded.
You block the vampire mosquito's attack.
The cyan ugly thing tail-slaps you.
* * * LOW HITPOINT WARNING * * *
The cyan ugly thing shocks you!
You die...

... ###.### #.....#
#.....# #>....#
#.....# # ##.....#
####.####...####
#....Wu@#.#.#
#.##.##y#.#(####
#.yu.#..>.##
#..u#######..######)
###. #............
## #.....#######
#.#.#.# .....#.#
##.####.#


You could see a cyan ugly thing (ally target), 2 vampire mosquitoes, 2 friendly
ugly things and a friendly freezing wraith (summoned).

Vanquished Creatures
  Harold (D:9)
  2 hydras
  A centaur warrior (D:13)
  A two-headed ogre (D:8)
  A tengu warrior (D:15)
  A cyclops (D:14)
  A manticore (D:12)
  An unseen horror (D:11)
  2 komodo dragons (Lair:1)
  A kobold demonologist (D:13)
  A troll (D:11)
  A hornet (D:8)
  A shadow (D:8)
  22 yaks
  2 wyverns
  Sigmund (D:2)
  2 steam dragons
  3 vampire mosquitoes
  A warg (D:11)
  2 acid dragons (D:9)
  A water moccasin (D:6)
  Pargi (Sewer)
  An ice beast (D:7)
  3 black bears
  A sky beast (D:8)
  An ogre (D:5)
  3 centaurs
  2 kobold brigands
  A wyvern zombie (D:6)
  A gnoll sergeant (D:8)
  4 bullfrogs
  2 scorpions
  14 killer bees
  4 wights (D:9)
  2 howler monkeys
  A bullfrog zombie (D:5)
  3 centaur zombies
  5 hounds
  5 orc priests
  3 gnoll shamans
  4 iguanas
  Crazy Yiuf (D:2)
  6 orc wizards
  A killer bee zombie (D:5)
  A hound skeleton (D:4)
  8 mummies (Ossuary)
  15 gnolls
  7 adders
  2 river rats (D:4)
  A shadow imp (D:7)
  A white imp (D:8)
  An ufetubus (D:6)
  3 worms
  An adder skeleton (D:4)
  5 dart slugs
  26 orcs
  12 ball pythons
  5 endoplasms
  8 giant cockroaches
  2 gnoll zombies (Ossuary)
  5 goblins
  9 hobgoblins
  4 jackals (D:1)
  2 quokkas (D:4)
  4 bats
  7 frilled lizards
  A hobgoblin zombie (Ossuary)
  7 kobolds
  2 kobold zombies (Ossuary)
  3 orc zombies (Ossuary)
  4 rats
264 creatures vanquished.

Vanquished Creatures (collateral kills)
  A hydra (Lair:1)
  2 two-headed ogres
  Urug (Lair:1)
  2 komodo dragons (Lair:1)
  An unseen horror (D:11)
  2 hornets
  A wyvern (D:10)
  A basilisk (D:10)
  5 yaks
  2 vampire mosquitoes (D:10)
  A water moccasin (Lair:1)
  2 orc warriors
  A kobold brigand (D:11)
  3 bullfrogs (Lair:1)
  A killer bee (D:10)
  2 iguanas (Lair:1)
  An orc wizard (D:10)
  4 kobolds (D:11)
  A butterfly (Lair:1)
34 creatures vanquished.

Vanquished Creatures (others)
  An orc wizard (D:11)
  2 orcs (D:10)
  A hobgoblin (D:4)
  A plant (D:10)
5 creatures vanquished.

Grand Total: 303 creatures vanquished

Notes
Turn   | Place    | Note
-------+----------+-------------------------------------------
     0 | D:1      | chmiii the Hill Orc Fighter began the quest for the Orb.
     0 | D:1      | Reached XP level 1. HP: 19/19 MP: 1/1
   210 | D:1      | Reached XP level 2. HP: 27/27 MP: 2/2
   418 | D:1      | Reached XP level 3. HP: 32/33 MP: 3/3
   850 | D:2      | Found a runed translucent door.
   851 | D:2      | Noticed Crazy Yiuf
  1109 | D:2      | Noticed Sigmund
  1283 | D:2      | Found Rejypnef's Magic Scroll Shop.
  1303 | D:2      | Killed Sigmund
  1304 | D:2      | Reached skill level 5 in Fighting
  1304 | D:2      | Reached skill level 5 in Maces & Flails
  1304 | D:2      | Reached XP level 4. HP: 18/42 MP: 4/4
  1304 | D:2      | Reached XP level 5. HP: 20/48 MP: 5/5
  1531 | D:2      | Bought a scroll of identify for 20 gold pieces
  2119 | D:2      | Bought a scroll of teleportation for 30 gold pieces
  2195 | D:2      | Killed Crazy Yiuf
  2196 | D:2      | Reached XP level 6. HP: 48/56 MP: 6/6
  2605 | D:3      | Found a burning altar of Makhleb.
  2944 | D:4      | Noticed Blork the orc
  3247 | D:4      | Found a glowing drain.
  3260 | Sewer    | Entered a sewer
  3379 | Sewer    | Noticed Pargi
  3398 | Sewer    | Killed Pargi
  3399 | Sewer    | Reached XP level 7. HP: 47/63 MP: 7/7
  3705 | D:2      | Bought a scroll of magic mapping for 35 gold pieces
  3705 | D:2      | Bought a scroll of fear for 35 gold pieces
  3887 | D:4      | Became a worshipper of Beogh the Brigand
  4232 | D:4      | Found a hide-covered altar of Uskayaw.
  4502 | D:5      | Entered Level 5 of the Dungeon
  4705 | D:5      | Found a staircase to the Ecumenical Temple.
  4921 | D:5      | Identified the +5 hunting sling "Oxiyph" {freeze, rC++}
  4944 | D:5      | Reached XP level 8. HP: 70/73 MP: 8/8
  4991 | D:5      | Found a glowing golden altar of the Shining One.
  5846 | D:6      | Found a white marble altar of Elyvilon.
  5907 | D:6      | Found a sand-covered staircase.
  5913 | Ossuary  | Entered an ossuary
  5957 | Ossuary  | Reached * piety under Beogh
  6345 | D:2      | Bought a scroll of identify for 20 gold pieces
  6345 | D:2      | Bought a scroll of identify for 20 gold pieces
  6345 | D:2      | Bought 3 scrolls of teleportation for 90 gold pieces
  6345 | D:2      | Bought 2 scrolls of fear for 70 gold pieces
  6345 | D:2      | Bought a scroll of identify for 20 gold pieces
  6345 | D:2      | Bought a scroll of identify for 20 gold pieces
  6722 | D:5      | HP: 2/74 [poisoned by a killer bee]
  6790 | D:5      | Reached skill level 5 in Shields
  6790 | D:5      | Reached XP level 9. HP: 20/81 MP: 9/9
  7101 | D:6      | Reached skill level 5 in Armour
  7227 | D:6      | Found a sparkling altar of Nemelex Xobeh.
  9200 | D:8      | Noticed a two-headed ogre
  9210 | D:8      | Killed a two-headed ogre
  9241 | D:8      | Reached skill level 10 in Maces & Flails
  9287 | D:8      | Reached XP level 10. HP: 75/91 MP: 10/10
  9305 | D:7      | Reached ** piety under Beogh
  9813 | D:8      | Found a snail-covered altar of Cheibriados.
  9985 | D:8      | Found a shimmering altar of Xom.
 10215 | D:8      | Reached skill level 10 in Fighting
 10635 | D:9      | Noticed Harold
 10652 | D:8      | Reached skill level 1 in Invocations
 11073 | D:9      | Killed Harold
 11080 | D:9      | Reached *** piety under Beogh
 11093 | D:9      | Reached XP level 11. HP: 101/101 MP: 13/13
 11445 | D:9      | Found an iron altar of Okawaru.
 11605 | D:10     | Entered Level 10 of the Dungeon
 11960 | D:10     | Noticed an obsidian statue
 12416 | D:10     | Found Yheklekh's Jewellery Boutique.
 12466 | D:10     | Found a staircase to the Lair.
 12500 | Lair:1   | Entered Level 1 of the Lair of Beasts
 12519 | Lair:1   | Reached skill level 5 in Invocations
 13208 | D:10     | Noticed a two-headed ogre
 13349 | D:10     | Killed a two-headed ogre
 13654 | Lair:1   | Found a sacrificial altar of Ru.
 13723 | Lair:1   | Noticed a seven-headed hydra
 13728 | Lair:1   | Killed a seven-headed hydra
 13747 | Lair:1   | Noticed Urug
 13754 | Lair:1   | Killed Urug
 13950 | Lair:1   | Found a runed translucent gate.
 13951 | Lair:1   | Found a runed translucent gate.
 13952 | Lair:1   | Found a runed translucent gate.
 13953 | Lair:1   | Noticed AlmostDecent's ghost (journeyman GnAE)
 13953 | Lair:1   | Noticed Mahakala's ghost (novice DrIE)
 13953 | Lair:1   | Noticed pkoi's ghost (journeyman MiMo)
 14199 | Lair:1   | Noticed a four-headed hydra
 14212 | Lair:1   | Killed a four-headed hydra
 14661 | Lair:1   | Reached XP level 12. HP: 73/112 MP: 16/16
 15493 | D:11     | Noticed a two-headed ogre
 15496 | D:11     | Reached **** piety under Beogh
 15503 | D:11     | Killed a two-headed ogre
 15520 | D:11     | HP: 4/112 [something (2)]
 16603 | D:11     | Found a staircase to the Orcish Mines.
 16841 | D:12     | Found a gate leading to a gauntlet.
 16841 | D:12     | You fall into a shaft and drop 3 floors!
 16841 | D:15     | Entered Level 15 of the Dungeon
 16869 | D:15     | Noticed a four-headed hydra
 16872 | D:15     | Noticed a tengu warrior
 16931 | D:15     | Killed a tengu warrior
 16932 | D:15     | Reached skill level 10 in Shields
 16935 | D:15     | Killed a four-headed hydra
 16936 | D:15     | Reached skill level 10 in Armour
 17320 | D:13     | Noticed a centaur warrior
 17327 | D:13     | Killed a centaur warrior
 17430 | D:13     | Noticed a rakshasa
 17438 | D:13     | Noticed a centaur warrior
 17448 | D:13     | Noticed a boulder beetle
 17457 | D:13     | Noticed a tengu warrior
 17475 | D:14     | HP: 5/113 [cyan ugly thing (16)]
 17476 | D:14     | Mangled by a cyan ugly thing

Illustrated notes

Levels and vault maps discovered:
D:1:      dpeg_arrival_long_road, layout_loops_ring, minmay_worlds_worst_comb
D:2:      layout_loops_corners, serial_shops, nicolae_shop_window_shopping,
          uniq_sigmund, uniq_crazy_yiuf_cottage
D:3:      layout_basic, bloody_makhleb
D:4:      layout_basic, nicolae_uskayaw_suspiria, cheibrodos_sewer_entry_sluice,
          grunt_decor_cap, uniq_blork_the_orc
D:5:      layout_loops_cross, amcnicky_altar_gilded, minmay_temple_entry_waves,
          kennysheep_doodads
D:6:      layout_basic, mainiacjoe_overflow_cross_hatched,
          mainiacjoe_overflow_tiny_flanked, nicolae_ossuary_entry_plus
D:7:      layout_basic
D:8:      layout_basic, mainiacjoe_overflow_large_starburst
D:9:      layout_loops_ring, mainiacjoe_overflow_boulevard, st_stairs_9,
          uniq_harold
D:10:     layout_small_grid, david_lair_generic, serial_shops,
          nicolae_shop_statue_plus, minivault_15
D:11:     layout_cross, minmay_orc_entry_guard_dogs
D:12:     layout_roguey, gauntlet_entry_generic
D:13:     minmay_guarded_unrand_sword_of_power, layout_basic, uniq_azrael
D:14:     layout_loops_cross, ximxim_vaults_locker_room,
          nicolae_ashenzari_panopticon
D:15:     hangedman_depths_entry_civil_slaughter, layout_cave_pods, basic_altar,
          nicolae_dithmenos_through_a_glass_darkly
Lair:1:   beast_lair_carwin_large_3, layout_small_grid,
          gammafunk_ghost_cemetery, basic_altar, lemuel_fruit_fields,
          grunt_megastairs_3, uniq_urug

Skill      XL: |  1  2  3  4  5  6  7  8  9 10 11 12 |
---------------+-------------------------------------+-----
Maces & Flails | 3 5 6 8 9 10 11 12 | 12.4
Fighting       | 4 5 6 7 8 9 10 11 12 | 12.4
Armour         | 4 6 8 9 10 | 10.2
Shields        | 5 6 8 9 10 | 10.2
Invocations    | 3 6 7 |  7.9

Action                   |  1- 3 |  4- 6 |  7- 9 | 10-12 || total
-------------------------+-------+-------+-------+-------++-------
Melee: Flail             |    26 |       |       |       ||    26
       Mace              |    36 |   120 |   355 |   538 ||  1049
 Fire: Hunting sling     |       |       |    44 |    20 ||    64
Throw: Dart              |       |     1 |     1 |     3 ||     5
Invok: Convert to Beogh  |       |       |     1 |       ||     1
       Smiting           |       |       |       |     4 ||     4
  Use: Potion            |     1 |       |     3 |     3 ||     7
       Scroll            |       |     1 |     7 |     7 ||    15
 Stab: Invisible         |       |       |     1 |     4 ||     5
       Distracted        |       |       |       |     5 ||     5
Armor: Scale mail        |    23 |     9 |       |       ||    32
       Plate armour      |       |    69 |   249 |   298 ||   616
       Crystal plate arm |       |       |       |    52 ||    52
Dodge: Dodged            |    26 |    45 |    39 |    66 ||   176
Block: Buckler           |    14 |    28 |    23 |       ||    65
       Tower shield      |       |       |   379 |   725 ||  1104
       Reflection        |       |       |    10 |    23 ||    33
